 Dungeon Crawl Stone Soup version 0.30.0-10-gfe55d96785 (webtiles) character file.

Game seed: 6997832653703968412

33 ryw the Trooper (level 3, -14/30 HPs)
             Began as a Demonspawn Monk on May 15, 2023.
             Demolished by Crazy Yiuf
             ... wielding a +4 quarterstaff of chaos
              (22 damage)
             ... on level 2 of the Dungeon.
             The game lasted 00:02:00 (1105 turns).

ryw the Trooper (Demonspawn Monk)                   Turns: 1105, Time: 00:02:00

Health: -14/30     AC:  3    Str: 11    XL:     3   Next: 12%
Magic:  3/3        EV: 12    Int: 13    God:
Gold:   61         SH:  0    Dex: 15    Spells: 2/2 levels left

rFire   . . .        k - +2 dagger (venom)
rCold   . . .        c - orb {light}
rNeg    . . .        a - +0 robe
rPois   .            (helmet restricted)
rElec   .            (no cloak)
rCorr   .            d - +0 pair of gloves
SInv    .            (no boots)
Will    .....        g - amulet of regeneration
Stlth   +            (no ring)
HPRegen 1.05/turn    (no ring)
MPRegen 0.08/turn

%: no passive effects
@: glowing
A: antennae 2
a: no special abilities


You were on level 2 of the Dungeon.
You visited 1 branch of the dungeon, and saw 2 of its levels.

You collected 61 gold pieces.

Inventory:

Hand Weapons
 k - a +2 dagger of venom (weapon)
Missiles
 h - 4 atropa-tipped darts (quivered)
Armour
 a - a +0 robe (worn)
 c - an orb of light (worn)
 d - a +0 pair of gloves (worn)
Jewellery
 g - an amulet of regeneration (around neck)
Scrolls
 e - 3 scrolls of identify {unknown}
 f - a scroll of silence {unknown}
 j - 2 scrolls of poison {unknown}
 l - a scroll of vulnerability {unknown}
Potions
 i - a potion of attraction {unknown}


   Skills:
 + Level 4.3 Fighting
 + Level 0.1 Short Blades
 - Level 2.6 Dodging
 - Level 2.6 Unarmed Combat


You had 2 spell levels left.
You didn't know any spells.
Your spell library contained the following spells:

 Spells                   Type           Power      Damage    Failure   Level
 Ensorcelled Hibernation  Hex/Ice        0%         N/A       43%         2
 Passwall                 Tmut/Erth      0%         N/A       43%         2
 Wereblood                Tmut           0%         N/A       43%         2
 Swiftness                Air            0%         N/A       67%         3
 Ozocubu's Refrigeration  Ice            0%         4d7       100%        7


Dungeon Overview and Level Annotations

Branches:
Dungeon (2/15)

Altars:

Annotations:
D:2 Crazy Yiuf


Innate Abilities, Weirdness & Mutations

You have a pair of antennae on your head.


Message History

You see here a +0 club.
You see here a +0 hammer.
Found a hammer.
Found a runed translucent door.
Crazy Yiuf shouts!
Crazy Yiuf laughs, "Goober arga action!"
You sense a monster nearby.
Press: ? - help, v - describe, . - travel
Here: Crazy Yiuf, wielding a +4 quarterstaff of chaos and wearing a +2 cloak (haloed, fire blocked by a runed translucent door)
The floor.
You are confused.
You feel invigorated.
You're too confused to move!
You bump into the tree.
You bump into the runed translucent door.
You bump into the stone wall.
You bump into the runed translucent door.
Unknown command.
You bump into the runed translucent door.
You bump into the tree.
You feel less invigorated.
You feel less confused.
Crazy Yiuf laughs, "Mama down light!"
You open the door. You hit Crazy Yiuf but do no damage.
Crazy Yiuf is poisoned.
Crazy Yiuf hits you with a +4 quarterstaff of chaos!
Ouch! That really hurt!
You hit Crazy Yiuf but do no damage.
Crazy Yiuf looks as sick as possible!
Crazy Yiuf hits you with a +4 quarterstaff of chaos.
You convulse.
* * * LOW HITPOINT WARNING * * *
Crazy Yiuf cries, "East poople bag!"
You hit Crazy Yiuf.
Crazy Yiuf looks as sick as possible!
Crazy Yiuf is severely wounded.
Crazy Yiuf laughs, "Leather leg meccalolo!"
Crazy Yiuf barely misses you. Crazy Yiuf attacks as you move away!
Crazy Yiuf hits you with a +4 quarterstaff of chaos.
* * * LOW HITPOINT WARNING * * *
Space warps horribly around you!!
Ouch! That really hurt!
You die...

#.......[.......#
#######.###.#.##.##.#
#.............##.##.#
#.......###.#...<....
######### #....#.##.#
#......##.#
♣♣♣♣♣#####........# ###
♣♣♣g♣...##....#...#.#
#...#♣..♣@..)...##.......#
#...'.♣♣♣♣..)...####...###
#)..#♣♣ ♣♣..#.## #...###
### ♣♣########...#..
##..........#
#..........##
##..........# ######...#..
#...###


You could see Crazy Yiuf (extremely poisoned).

Vanquished Creatures
  A dart slug (D:2)
  3 endoplasms (D:1)
  A giant cockroach (D:2)
  2 hobgoblins (D:1)
  2 kobolds (D:1)
  2 quokkas (D:1)
  4 ball pythons
  3 bats
  A frilled lizard (D:1)
  7 goblins
  6 rats
32 creatures vanquished.

Notes
Turn   | Place    | Note
-------+----------+-------------------------------------------
     0 | D:1      | ryw the Demonspawn Monk began the quest for the Orb.
     0 | D:1      | Reached XP level 1. HP: 18/18 MP: 1/1
    92 | D:1      | Got the Vellum of Frosty Alteration
   242 | D:1      | Gained mutation: You have a pair of small antennae on your
                  | head. [demonic ancestry]
   242 | D:1      | Reached XP level 2. HP: 15/24 MP: 2/2
   672 | D:1      | Reached skill level 4 in Fighting
   922 | D:2      | Gained mutation: You have a pair of antennae on your head.
                  | [demonic ancestry]
   922 | D:2      | Reached XP level 3. HP: 30/30 MP: 3/3
  1083 | D:2      | Found a runed translucent door.
  1084 | D:2      | Noticed Crazy Yiuf
  1105 | D:2      | Demolished by Crazy Yiuf

Illustrated notes

Levels and vault maps discovered:
D:1:      lightli_arrival_noodles, layout_basic, dreamdust_wishing_well,
          minmay_misc_feat_five
D:2:      layout_loops_cross, basic_altar, serial_shops, nicolae_shop_scrapyard,
          uniq_crazy_yiuf_cottage

Skill      XL: |  1  2 |
---------------+-------+-----
Fighting       | 4 |  4.3
Short Blades   | |  0.1
Dodging        | |  2.6
Unarmed Combat | |  2.6

Action                     || total
---------------------------++-------
  Melee: Unarmed           ||    90
         Dagger            ||     7
    Use: Potion            ||     1
 Armour: Robe              ||    26
  Dodge: Dodged            ||    55
